 Dungeon Crawl Stone Soup version 0.27.1-34-g3ba077fa99 (webtiles) character file.

Game seed: 2890157604582022541

186 pkoi the Ruffian (level 5, -1/45 HPs)
             Began as a Draconian Monk on Jan 7, 2022.
             Splashed by a jelly's acid (5 damage)
             ... on level 4 of the Dungeon.
             The game lasted 00:02:56 (3138 turns).

pkoi the Ruffian (Draconian Monk)                   Turns: 3138, Time: 00:02:57

Health: -1/45      AC: -7    Str: 14    XL:     5   Next: 38%
Magic:  5/5        EV: 12    Int: 11    God:
Gold:   108        SH:  0    Dex: 13    Spells: 4/4 levels left

rFire    . . .     SeeInvis .     - Unarmed
rCold    . . .     Faith    .   (no shield)
rNeg     . . .     Spirit   .   (armour unavailable)
rPois    .         Reflect  .   (helmet restricted)
rElec    .         Harm     .   (no cloak)
rCorr    .         Rampage  .   (no gloves)
Will     .....                  (no boots)
Stlth    ++........             g - amulet of the acrobat
HPRegen  0.15/turn              (no ring)
MPRegen  0.09/turn              (no ring)

@: corroded
A: AC +5, unfitting armour, cold-blooded
a: no special abilities


You were on level 4 of the Dungeon.
You visited 1 branch of the dungeon, and saw 4 of its levels.

You collected 108 gold pieces.

Inventory:

Hand Weapons
 c - a +0 dagger
 d - a +2 dagger of venom
 f - a +0 whip
Armour
 n - a +0 buckler
Jewellery
 g - an amulet of the acrobat (around neck)
Wands
 h - a wand of acid (12)
Potions
 e - a potion of curing
 i - a potion of heal wounds
 m - a potion of brilliance


   Skills:
 - Level 3.2 Fighting
 - Level 2.6 Dodging
 - Level 1.7 Stealth
 + Level 6.2 Unarmed Combat
 + Level 0.0 Evocations


You had 4 spell levels left.
You didn't know any spells.
Your spell library contained the following spells:

 Spells                   Type           Power      Damage    Failure   Level
 Corona                   Hex            0%         N/A       34%         1
 Magic Dart               Conj           0%         1d3       34%         1
 Call Imp                 Summ           0%         N/A       47%         2
 Ensorcelled Hibernation  Hex/Ice        0%         N/A       47%         2
 Mephitic Cloud           Conj/Pois/Air  0%         N/A       71%         3
 Tukima's Dance           Hex            0%         N/A       71%         3


Dungeon Overview and Level Annotations

Branches:
Dungeon (4/15)
 Temple: D:4-7

Altars:

Shops:
D:2 (


Innate Abilities, Weirdness & Mutations

Your plain brown scales are hard. (AC +5)
You cannot fit into any form of body armour.
You are cold-blooded and may be slowed by cold attacks.


Message History

You are too injured to fight recklessly!
You are too injured to fight recklessly!
You are too injured to fight recklessly!
You are too injured to fight recklessly!
You are too injured to fight recklessly!
You are too injured to fight recklessly!
You are too injured to fight recklessly!
You are too injured to fight recklessly!
You are too injured to fight recklessly!
You are too injured to fight recklessly!
Unknown command.
You escape the ball python's grasp.
The iguana misses you. The ball python closely misses you.
The ball python completely misses you.
You hit the ball python.
You kill the ball python!
The iguana looks more healthy.
The jelly completely misses you. The jelly completely misses you.
You hit the jelly.
Your hands burn!
The jelly is lightly wounded.
The jelly hits you but does no damage.
You hit the jelly.
Your hands burn!
The jelly is moderately wounded.
The jelly hits you. The acid corrodes you!
You are splashed with acid!
* * * LOW HITPOINT WARNING * * *
You hit the jelly. The acid corrodes you!
Your hands burn!
* * * LOW HITPOINT WARNING * * *
You tail-slap the jelly.
The jelly is heavily wounded.
The jelly hits you.
* * * LOW HITPOINT WARNING * * *
The acid corrodes you!
You are splashed with acid!
* * * LOW HITPOINT WARNING * * *
Your +2 dagger of venom stops dripping with poison.
You are now empty-handed.
There is a stone staircase leading up here.
The jelly hits you.
* * * LOW HITPOINT WARNING * * *
You are splashed with acid.
You die...

#...<.# #.....#
#.....# ##.....##
#.......#####
#...........###
#......###... ..
#.....Kl##.###......
#..@J.#......#......
###!#####l.#........
#.## ##.## ......
#..# #..### #..#
##.# #....####.. #.#
#l##......# #.#
#.#######.) #.# #.#
#... #.# #.# ##...


You could see an iguana, a jelly and a kobold.

Vanquished Creatures
  An orc priest (D:3)
  2 orc wizards (D:2)
  5 adders
  A dart slug (D:1)
  3 orcs (D:2)
  4 ball pythons
  5 endoplasms
  A giant cockroach (D:3)
  4 goblins
  9 hobgoblins
  2 jackals (D:3)
  3 quokkas
  8 bats
  3 frilled lizards
  5 kobolds
  8 rats
64 creatures vanquished.

Notes
Turn   | Place    | Note
-------+----------+-------------------------------------------
     0 | D:1      | pkoi the Draconian Monk began the quest for the Orb.
     0 | D:1      | Reached XP level 1. HP: 19/19 MP: 1/1
   139 | D:1      | Found a faded altar of an unknown god.
   273 | D:1      | Reached XP level 2. HP: 23/26 MP: 2/2
   607 | D:1      | Reached skill level 4 in Unarmed Combat
   720 | D:1      | Reached XP level 3. HP: 31/31 MP: 3/3
  1266 | D:2      | Found Zaipt's Antique Weapon Emporium.
  1403 | D:2      | Reached skill level 5 in Unarmed Combat
  1403 | D:2      | Reached XP level 4. HP: 17/38 MP: 4/4
  1722 | D:3      | Reached XP level 5. HP: 4/45 MP: 5/5
  2523 | D:3      | Reached skill level 6 in Unarmed Combat
  3138 | D:4      | Splashed by a jelly's acid

Illustrated notes

Levels and vault maps discovered:
D:1:      ncdulo_halloftheorcs, layout_loops_cross,
          ebering_ecumenical_altar_mist
D:2:      layout_basic, serial_shops, shop
D:3:      layout_basic
D:4:      layout_rooms, uniq_grinder

Skill      XL: |  1  2  3  4  5 |
---------------+----------------+-----
Unarmed Combat | 4 5 6 |  6.2
Fighting       | |  3.2
Dodging        | |  2.6
Stealth        | |  1.7

Action                   |  1- 3 |  4- 6 || total
-------------------------+-------+-------++-------
Melee: Unarmed           |   132 |    66 ||   198
       Tailslap          |    13 |     7 ||    20
       Punch             |     1 |     1 ||     2
       Dagger            |     7 |    17 ||    24
  Use: Scroll            |       |     6 ||     6
       Potion            |       |     4 ||     4
 Stab: Sleeping          |     5 |     1 ||     6
Armor: Skin              |    50 |    23 ||    73
Dodge: Dodged            |    84 |    52 ||   136
